 Dungeon Crawl Stone Soup version 0.20.1-1-g8b1a95d (webtiles) character file.

248 Folque the Conjurer (level 6, 0/37 HPs)
             Began as a Tengu Conjurer on Nov 3, 2017.
             Was an Initiate of Sif Muna.
             Slain by an ogre
             ... wielding a +0 giant club
              (23 damage)
             ... on level 4 of the Dungeon.
             The game lasted 00:17:33 (2818 turns).

Folque the Conjurer (Tengu Conjurer)                Turns: 2818, Time: 00:17:35

Health: 0/37       AC:  4    Str:  8    XL:     6   Next: 12%
Magic:  1/12       EV: 12    Int: 18    God:    Sif Muna [......]
Gold:   170        SH:  0    Dex: 14    Spells: 2/12 levels left

rFire    . . .     SeeInvis .   r - +2 dagger (drain)
rCold    . . .     Gourm    .   (no shield)
rNeg     . . .     Faith    .   a - +1 robe
rPois    .         Spirit   .   (helmet restricted)
rElec    .         Reflect  .   (no cloak)
rCorr    .         Harm     .   u - +0 pair of gloves
MR       .....                  (boots unavailable)
Stlth    ++........             (no amulet)
Regen    0.2/turn               q - ring of wizardry
MPRegen  0.2/turn               h - ring of wizardry

@: no status effects
A: beak, talons 3, able to fly 1
a: Fly, Renounce Religion


You were on level 4 of the Dungeon.
You worshipped Sif Muna.
Sif Muna was noncommittal.
You were near starving.

You visited 1 branch of the dungeon, and saw 4 of its levels.

You collected 170 gold pieces.

Inventory:

Hand Weapons
 d - a +1 short sword
 r - a +2 dagger of draining (weapon)
Armour
 a - a +1 robe (worn)
 u - a +0 pair of gloves (worn)
Jewellery
 h - a ring of wizardry (right hand)
 q - a ring of wizardry (left hand)
Wands
 l - a wand of lightning (0/15)
Scrolls
 o - a scroll of identify
 p - 2 scrolls of immolation
Potions
 e - a potion of agility {unknown}
 m - a potion of curing
 s - a potion of mutation {unknown}
Books
 b - a book of Conjurations

   Spells                             Type                      Level
   a - Magic Dart                     Conjuration                  1
   b - Searing Ray                    Conjuration                  2
   c - Dazzling Spray                 Conjuration/Hexes            3
   d - Fulminant Prism                Conjuration/Hexes            4
   e - Force Lance                    Conjuration/Translocation    4
   f - Iskenderun's Mystic Blast      Conjuration                  4
Comestibles
 c - 3 bread rations
 f - a meat ration
 g - 6 fruits


   Skills:
 - Level 3.3 Fighting
 - Level 2.1 Dodging
 - Level 2.0 Stealth
 + Level 3.6 Spellcasting
 * Level 6.8 Conjurations


You had 2 spell levels left.
You knew the following spells:

 Your Spells              Type           Power        Failure   Level  Hunger
a - Magic Dart            Conj           ####         1%          1    None
b - Searing Ray           Conj           ####..       1%          2    ##.....
c - Dazzling Spray        Conj/Hex       ###...       3%          3    ###....
d - Force Lance           Conj/Tloc      ###.....     11%         4    ####...


Dungeon Overview and Level Annotations

Branches:
Dungeon (4/15)
 Temple: D:4-7

Altars:
Ashenzari
Elyvilon
Sif Muna


Innate Abilities, Weirdness & Mutations

You have a beak for a mouth.
You have claws for feet.
You can fly.


Message History

Aiming: Lightning Bolt (will waste charges)
Press: ? - help, Shift-Dir - straight line, f - ogre
Aim: an ogre, wielding a giant club You hear a mighty clap of thunder!
The bolt of lightning hits the ogre.
The ogre is lightly wounded.
Evoking this partially-identified wand wasted a few charges.
You hear a shout!
The ogre hits you with a giant club.
You see here a tomahawk.
Aiming: Lightning Bolt (will waste charges)
Press: ? - help, Shift-Dir - straight line, f/p - ogre
Aim: an ogre, wielding a giant club (lightly wounded)
You hear a mighty clap of thunder!
The bolt of lightning hits the ogre.
The ogre is severely wounded.
Evoking this partially-identified wand wasted a few charges.
The ogre hits you with a giant club!!
Ouch! That really hurt!
You die...

..##... ##..#
.#......#. ##...#
#.#.....$..###
#..#.#
#....#......###[##.#
#....##.........##..
#..).# ....##..####.
#..)# #..##..# #.
#.O(# #...#{O# #.
#.@.# #.#....# #.
##### #...)..# #.
#.###..# #. ..
...... .. ...
......)..
.........#.##.# .
.......#.# #
.<.....#.# .......
.#


You could see an ogre.

Vanquished Creatures
  2 orc wizards (D:4)
  Jessica (D:2)
  Natasha (twice) (D:2)
  2 adders
  An ooze (D:3)
  4 worms
  3 dart slugs
  2 leopard geckos (D:2)
  13 orcs
  2 giant cockroaches
  11 goblins
  2 hobgoblins
  8 kobolds
  A quokka (D:4)
  8 bats
  2 frilled lizards
  5 rats
69 creatures vanquished.

Notes
Turn   | Place    | Note
-------+----------+-------------------------------------------
     0 | D:1      | Folque the Tengu Conjurer began the quest for the Orb.
     0 | D:1      | Reached XP level 1. HP: 10/10 MP: 4/4
    15 | D:1      | Reached skill level 1 in Fighting
   105 | D:1      | Reached XP level 2. HP: 12/16 MP: 4/6
   514 | D:2      | Reached XP level 3. HP: 17/21 MP: 7/7
   571 | D:2      | HP: 1/21 [poisoned by an adder]
   873 | D:2      | Noticed Jessica
   878 | D:2      | Learned a level 2 spell: Searing Ray
   880 | D:2      | Killed Jessica
   880 | D:2      | Reached XP level 4. HP: 27/27 MP: 5/9
  1127 | D:2      | Noticed Natasha
  1167 | D:2      | Learned a level 3 spell: Dazzling Spray
  1203 | D:2      | Killed Natasha
  1667 | D:2      | Noticed Natasha
  1674 | D:2      | Killed Natasha
  1674 | D:2      | Gained mutation: You can fly. [Tengu growth]
  1674 | D:2      | Reached XP level 5. HP: 32/32 MP: 1/10
  1781 | D:3      | Learned a level 4 spell: Force Lance
  2113 | D:3      | Found a deep blue altar of Sif Muna.
  2114 | D:3      | Found a white marble altar of Elyvilon.
  2118 | D:3      | Became a worshipper of Sif Muna the Loreminder
  2370 | D:4      | Reached skill level 6 in Conjurations
  2472 | D:4      | Found a shattered altar of Ashenzari.
  2476 | D:4      | Saw a vision of the Shoals and the Spider Nest.
  2476 | D:4      | Noticed a redback
  2476 | D:4      | Noticed a sea snake
  2476 | D:4      | Noticed a wolf spider
  2476 | D:4      | Noticed a redback
  2476 | D:4      | Noticed a merfolk
  2476 | D:4      | Noticed a hippogriff
  2476 | D:4      | Noticed a redback
  2476 | D:4      | Noticed a merfolk
  2476 | D:4      | Noticed a redback
  2476 | D:4      | Noticed a merfolk
  2476 | D:4      | Noticed a centaur
  2476 | D:4      | Noticed a redback
  2476 | D:4      | Noticed a merfolk
  2476 | D:4      | Noticed a redback
  2476 | D:4      | Noticed a wolf spider
  2478 | D:4      | Noticed a wolf spider
  2774 | D:4      | Noticed an ogre
  2810 | D:4      | Noticed an ogre
  2813 | D:4      | Reached XP level 6. HP: 33/37 MP: 0/12
  2818 | D:4      | Slain by an ogre

Skill      XL: |  1  2  3  4  5 |
---------------+----------------+-----
Fighting       | 1 2 3 |  3.3
Spellcasting   | 3 |  3.6
Conjurations   | 6 |  6.8
Dodging        | |  2.1
Stealth        | |  2.0

Action                   |  1- 3 |  4- 6 || total
-------------------------+-------+-------++-------
Melee: Unarmed           |     3 |       ||     3
       Short sword       |    30 |    50 ||    80
       Kick              |     4 |    15 ||    19
       Peck              |     4 |     3 ||     7
       Dagger            |       |    39 ||    39
Throw: Throwing net      |       |     1 ||     1
 Cast: Magic Dart        |    10 |     6 ||    16
       Searing Ray       |     1 |    10 ||    11
       Dazzling Spray    |       |     9 ||     9
       Force Lance       |       |     2 ||     2
Evoke: Wand              |       |     5 ||     5
  Use: Scroll            |     7 |     4 ||    11
       Potion            |     1 |     1 ||     2
 Stab: Sleeping          |     2 |     4 ||     6
       Invisible         |       |     1 ||     1
  Eat: Chunk             |       |     6 ||     6
Armor: Robe              |     4 |    17 ||    21
Dodge: Dodged            |    15 |    54 ||    69
